MLB
TORONTO BLUE JAYS @ TEXAS RANGERS
06/19/2098
 
TOP OF THE 1ST
Toronto Blue Jays batting - Pitching for Texas Rangers : LHP Ricardo Chavez
Pitching: LHP Ricardo Chavez
Batting: LHB Collin Coleman 0-0: SINGLE (Groundball, 34D, EV 98.1 MPH)
Batting: RHB Justin Dupree 0-0: Ball
Collin Coleman is caught stealing 2nd base 2-4
1-0: Foul Ball, location: 9LDF
1-1: Ground out 4-3 (Groundball, 4, EV 86.3 MPH)
Batting: RHB Greg Whitaker 0-0: Called Strike
0-1: Ball
1-1: Ball
2-1: Ball
3-1: Called Strike
3-2: Base on Balls
Batting: SHB Dennis Desper 0-0: Foul Ball, location: 2F
0-1: SINGLE (Line Drive, 5D, EV 105.6 MPH)
Greg Whitaker to second
Batting: RHB Victor Ramirez 0-0: Foul Ball, location: 2F
0-1: Called Strike
0-2: Foul Ball, location: 3F
0-2: Ball
1-2: SINGLE (Line Drive, 3D, EV 97.5 MPH)
Greg Whitaker to third
Dennis Desper to second
Runner from 3rd tries for Home, SAFE, throw by RF to home
Batting: RHB Danny Daugherty 0-0: Called Strike
0-1: Swinging Strike
0-2: Ball
1-2: Strikes out looking
Top of the 1st over - 1 run, 3 hits, 0 errors, 2 left on base; Toronto 1 - Texas 0
BOTTOM OF THE 1ST
Texas Rangers batting - Pitching for Toronto Blue Jays : LHP Mike Cerretani
Pitching: LHP Mike Cerretani
Batting: RHB Jason Hartel 0-0: Ball
1-0: Foul Ball, location: 2F
1-1: Ball
2-1: Swinging Strike
2-2: Strikes out swinging
Batting: RHB Chris Patrick 0-0: Ball
1-0: Ball
2-0: Fly out, F8 (Flyball, 8RD, EV 82.5 MPH)
Batting: RHB Kevin Hock 0-0: Ball
1-0: Called Strike
1-1: Swinging Strike
1-2: Strikes out looking
Bottom of the 1st over - 0 runs, 0 hits, 0 errors, 0 left on base; Toronto 1 - Texas 0
TOP OF THE 2ND
Toronto Blue Jays batting - Pitching for Texas Rangers : LHP Ricardo Chavez
Batting: RHB Ricky Ulloa 0-0: Ball
1-0: Swinging Strike
1-1: Ground out 5-3 (Groundball, 56, EV 105.6 MPH)
Batting: RHB Brian Jones 0-0: Ball
1-0: Fly out, F7 (Flyball, 7S, EV 81.3 MPH)
Batting: RHB Jake Kidd 0-0: Foul Ball, location: 9LMF
0-1: Ground out U3 (Groundball, 3L, EV 88.8 MPH)
Top of the 2nd over - 0 runs, 0 hits, 0 errors, 0 left on base; Toronto 1 - Texas 0
BOTTOM OF THE 2ND
Texas Rangers batting - Pitching for Toronto Blue Jays : LHP Mike Cerretani
Batting: LHB Simeone DeVito 0-0: Ball
1-0: Ball
2-0: Swinging Strike
2-1: Called Strike
2-2: Ball
3-2: Strikes out swinging
Batting: RHB Ryan Adkins 0-0: Foul Ball, location: 2F
0-1: Ball
1-1: DOUBLE (Groundball, 5L, EV 102.5 MPH)
Batting: LHB Scott Spencer 0-0: Foul Ball, location: 3FF
0-1: Ground out U3 (Groundball, 3, EV 105.6 MPH)
Ryan Adkins to third
Batting: RHB Matt Noorda 0-0: Ball
1-0: Ball
2-0: Ground out 4-3 (Groundball, 4M, EV 88.1 MPH)
Bottom of the 2nd over - 0 runs, 1 hit, 0 errors, 1 left on base; Toronto 1 - Texas 0
TOP OF THE 3RD
Toronto Blue Jays batting - Pitching for Texas Rangers : LHP Ricardo Chavez
Batting: LHB Collin Coleman 0-0: DOUBLE (Line Drive, 7LM, EV 102.5 MPH)
Batting: RHB Justin Dupree 0-0: Ball
1-0: Called Strike
1-1: Swinging Strike
1-2: Ball
2-2: Strikes out swinging
Batting: RHB Greg Whitaker 0-0: Called Strike
0-1: Ball
1-1: Fly out, F8 (Flyball, 8RM, EV 81.3 MPH)
Batting: SHB Dennis Desper 0-0: Foul Ball, location: 3F
0-1: Foul Ball, location: 5F
0-2: Ball
1-2: Ground out 6-3 (Groundball, 56, EV 101.9 MPH)
Top of the 3rd over - 0 runs, 1 hit, 0 errors, 1 left on base; Toronto 1 - Texas 0
BOTTOM OF THE 3RD
Texas Rangers batting - Pitching for Toronto Blue Jays : LHP Mike Cerretani
Batting: RHB Raul Camacho 0-0: Swinging Strike
0-1: Ball
1-1: SINGLE (Line Drive, 7LM, EV 96.9 MPH)
Batting: SHB Luis Chavez 0-0: Ball
1-0: Bunt missed!
1-1: Bunt missed!
1-2: Ball
2-2: Fly out, F9 (Flyball, 9, EV 94.4 MPH)
Pitching: RHP Blake Dickerson
Batting: RHB Jason Hartel 0-0: Ball
1-0: SINGLE (Groundball, 3S, EV 67.5 MPH) (infield hit)
Raul Camacho to second
Batting: RHB Chris Patrick 0-0: SINGLE (Groundball, 4MD, EV 105.0 MPH)
Raul Camacho to third
Jason Hartel to second
Runner from 3rd tries for Home, SAFE, throw by CF to home
Batting: RHB Kevin Hock 0-0: Ball
1-0: Ball
2-0: Fly out, F7 (Flyball, 7D, EV 101.3 MPH)
Runner from 2nd tags up, SAFE at 3rd, no throw by LF
Pitching: RHP Adrian Korner
Batting: LHB Simeone DeVito 0-0: Ball
1-0: Swinging Strike
1-1: Foul Ball, location: 2F
1-2: Ball
2-2: Ball
3-2: Foul Ball, location: 2F
3-2: Base on Balls
Chris Patrick to second
Batting: RHB Ryan Adkins 0-0: Ball
1-0: Ball
2-0: Ball
3-0: Fielders Choice at 2nd, 6-4 (Groundball, 6, EV 104.4 MPH)
Bottom of the 3rd over - 1 run, 3 hits, 0 errors, 3 left on base; Toronto 1 - Texas 1
TOP OF THE 4TH
Toronto Blue Jays batting - Pitching for Texas Rangers : LHP Ricardo Chavez
Batting: RHB Victor Ramirez 0-0: Ball
1-0: Ground out U3 (Groundball, 34S, EV 85.6 MPH)
Batting: RHB Danny Daugherty 0-0: Ball
1-0: Ball
2-0: Called Strike
2-1: Ball
3-1: Base on Balls
Batting: RHB Ricky Ulloa 0-0: Ball
1-0: Fielders Choice at 2nd, 6-4 (Groundball, 6, EV 81.9 MPH)
Batting: RHB Brian Jones 0-0: 2-RUN HOME RUN (Flyball, 7D, EV 93.1 MPH), Distance : 358 ft
Batting: RHB Jake Kidd 0-0: Foul Ball, location: 25FF
0-1: Ball
1-1: Called Strike
1-2: Ball
2-2: Strikes out swinging
Top of the 4th over - 2 runs, 1 hit, 0 errors, 0 left on base; Toronto 3 - Texas 1
BOTTOM OF THE 4TH
Texas Rangers batting - Pitching for Toronto Blue Jays : RHP Adrian Korner
Batting: LHB Scott Spencer 0-0: Ball
1-0: Ball
2-0: SINGLE (Groundball, 34D, EV 104.4 MPH)
Pitching: RHP Adam Lyons
Batting: RHB Matt Noorda 0-0: Ball
1-0: Called Strike
1-1: Foul Ball, location: 3SF
1-2: TRIPLE (Line Drive, 9LD, EV 101.3 MPH)
Scott Spencer scores
Batting: RHB Raul Camacho 0-0: Foul Ball, location: 5DF
0-1: Swinging Strike
0-2: Strikes out swinging
Batting: SHB Luis Chavez 0-0: Ground out 4-3 (Groundball, 34, EV 101.9 MPH)
Batting: RHB Jason Hartel 0-0: DOUBLE (Line Drive, 89D, EV 101.9 MPH)
Matt Noorda scores
Batting: RHB Chris Patrick 0-0: Called Strike
0-1: Ball
1-1: Swinging Strike
1-2: Strikes out swinging
Bottom of the 4th over - 2 runs, 3 hits, 0 errors, 1 left on base; Toronto 3 - Texas 3
TOP OF THE 5TH
Toronto Blue Jays batting - Pitching for Texas Rangers : LHP Ricardo Chavez
Batting: LHB Collin Coleman 0-0: Ground out U3 (Groundball, 3, EV 80.0 MPH)
Batting: RHB Justin Dupree 0-0: Called Strike
0-1: Fly out, F8 (Flyball, 8RM, EV 91.9 MPH)
Batting: RHB Greg Whitaker 0-0: Called Strike
0-1: Fly out, F4 (Popup, 4, EV 60.6 MPH)
Top of the 5th over - 0 runs, 0 hits, 0 errors, 0 left on base; Toronto 3 - Texas 3
BOTTOM OF THE 5TH
Texas Rangers batting - Pitching for Toronto Blue Jays : RHP Adam Lyons
Batting: RHB Kevin Hock 0-0: Fly out, F8 (Flyball, 8RM, EV 89.4 MPH)
Batting: LHB Simeone DeVito 0-0: Ball
1-0: Ball
2-0: Called Strike
2-1: Called Strike
2-2: Strikes out swinging
Batting: RHB Ryan Adkins 0-0: SINGLE (Line Drive, 6M, EV 98.8 MPH)
Batting: LHB Scott Spencer 0-0: Called Strike
0-1: Called Strike
0-2: Ball
1-2: Strikes out looking
Bottom of the 5th over - 0 runs, 1 hit, 0 errors, 1 left on base; Toronto 3 - Texas 3
TOP OF THE 6TH
Toronto Blue Jays batting - Pitching for Texas Rangers : LHP Ricardo Chavez
Batting: SHB Dennis Desper 0-0: Ball
1-0: Foul Ball, location: 3SF
1-1: Ball
2-1: Ball
3-1: Foul Ball, location: 9LSF
3-2: Foul Ball, location: 2F
3-2: SOLO HOME RUN (Flyball, 9D, EV 98.1 MPH), Distance : 377 ft
Batting: RHB Victor Ramirez 0-0: Foul Ball, location: 2F
0-1: SINGLE (Groundball, 4MD, EV 94.4 MPH)
Batting: RHB Danny Daugherty 0-0: Foul Ball, location: 9LSF
0-1: Foul Ball, location: 2F
0-2: Ground out 5-3 (Groundball, 15, EV 83.1 MPH)
Victor Ramirez to second
Batting: RHB Ricky Ulloa 0-0: Fly out, F2 (Popup, 2RF, EV 88.8 MPH)
Batting: RHB Brian Jones 0-0: DOUBLE (Flyball, 78D, EV 106.9 MPH)
Victor Ramirez scores
Pitching: RHP Steve Sullivan
Batting: RHB Jake Kidd 0-0: Called Strike
0-1: SINGLE (Line Drive, 89S, EV 85.0 MPH)
Brian Jones to third
Runner from 3rd tries for Home, SAFE, throw by RF to home
Batting: LHB Collin Coleman 0-0: Fly out, F9 (Flyball, 89M, EV 88.1 MPH)
Top of the 6th over - 3 runs, 4 hits, 0 errors, 1 left on base; Toronto 6 - Texas 3
BOTTOM OF THE 6TH
Texas Rangers batting - Pitching for Toronto Blue Jays : RHP Adam Lyons
Batting: RHB Matt Noorda 0-0: Ball
1-0: Swinging Strike
1-1: Ball
2-1: Ball
3-1: Base on Balls
Batting: RHB Raul Camacho 0-0: Swinging Strike
Matt Noorda steals 2nd base
0-1: Ball
1-1: Ground out 3-1 (Groundball, 34, EV 108.1 MPH)
Matt Noorda to third
Batting: SHB Luis Chavez 0-0: Swinging Strike
0-1: Foul Ball, location: 25F
0-2: Foul Ball, location: 7LDF
0-2: Ball
1-2: Ball
2-2: Ball
3-2: Foul Ball, location: 2F
3-2: Strikes out swinging
Pitching: RHP Bryan Bassett
Batting: RHB Jason Hartel 0-0: Ball
1-0: Ground out 3-1 (Groundball, 34S, EV 88.1 MPH)
Bottom of the 6th over - 0 runs, 0 hits, 0 errors, 1 left on base; Toronto 6 - Texas 3
TOP OF THE 7TH
Toronto Blue Jays batting - Pitching for Texas Rangers : RHP Steve Sullivan
Pitching: RHP Victor Luna
Batting: RHB Justin Dupree 0-0: Ground out 6-3 (Groundball, 6MS, EV 83.8 MPH)
Batting: RHB Greg Whitaker 0-0: Ball
1-0: Ball
2-0: Ball
3-0: Called Strike
3-1: Fly out, F9 (Flyball, 9, EV 81.9 MPH)
Batting: SHB Dennis Desper 0-0: Ball
1-0: Foul Ball, location: 3F
1-1: Foul Ball, location: 7LMF
1-2: Ball
2-2: Ball
3-2: Strikes out looking
Top of the 7th over - 0 runs, 0 hits, 0 errors, 0 left on base; Toronto 6 - Texas 3
BOTTOM OF THE 7TH
Texas Rangers batting - Pitching for Toronto Blue Jays : RHP Bryan Bassett
Pitching: RHP Wilfredo Moreno
Batting: RHB Chris Patrick 0-0: Ball
1-0: Called Strike
1-1: Swinging Strike
1-2: Foul Ball, location: 2F
1-2: Strikes out looking
Batting: RHB Kevin Hock 0-0: Fly out, F8 (Line Drive, 8LM, EV 95.0 MPH)
Batting: LHB Simeone DeVito 0-0: Ball
1-0: Ball
2-0: Swinging Strike
2-1: Ball
3-1: Base on Balls
Batting: RHB Ryan Adkins 0-0: Called Strike
0-1: Ball
1-1: Ball
2-1: Ball
3-1: Foul Ball, location: 2F
3-2: Foul Ball, location: 3DF
3-2: Fly out, F9 (Flyball, 9S, EV 83.8 MPH)
Bottom of the 7th over - 0 runs, 0 hits, 0 errors, 1 left on base; Toronto 6 - Texas 3
TOP OF THE 8TH
Toronto Blue Jays batting - Pitching for Texas Rangers : RHP Victor Luna
Pinch Hitting: LHB Ramon Anguiano 0-0: Ball
1-0: Called Strike
1-1: SOLO HOME RUN (Flyball, 9LD, EV 91.3 MPH), Distance : 335 ft
Batting: RHB Danny Daugherty 0-0: Called Strike
0-1: Foul Ball, location: 2F
0-2: Foul Ball, location: 3FF
0-2: Foul Ball, location: 3SF
0-2: Ground out 1-3 (Groundball, 15S, EV 68.8 MPH)
Batting: RHB Ricky Ulloa 0-0: Ground out 6-3 (Groundball, 6, EV 80.0 MPH)
Batting: RHB Brian Jones 0-0: Ball
1-0: Ball
2-0: Called Strike
2-1: Ground out 5-3 (Groundball, 56, EV 79.4 MPH)
Top of the 8th over - 1 run, 1 hit, 0 errors, 0 left on base; Toronto 7 - Texas 3
BOTTOM OF THE 8TH
Texas Rangers batting - Pitching for Toronto Blue Jays : RHP Wilfredo Moreno
Now in LF: Ricky Ulloa
Now in RF: Ryan Ricks
Batting: LHB Scott Spencer 0-0: Ball
1-0: Foul Ball, location: 2F
1-1: Ball
2-1: Ground out 4-3 (Groundball, 4M, EV 83.1 MPH)
Batting: LHB Nick Gunnels 0-0: Ball
1-0: SINGLE (Line Drive, 8LS, EV 99.4 MPH)
Batting: RHB Raul Camacho 0-0: Foul Ball, location: 2F
0-1: Foul Ball, location: 5F
0-2: Strikes out looking
Pitching: RHP Ivan Juarez
Batting: SHB Luis Chavez 0-0: Called Strike
0-1: Called Strike
0-2: Strikes out swinging
Bottom of the 8th over - 0 runs, 1 hit, 0 errors, 1 left on base; Toronto 7 - Texas 3
TOP OF THE 9TH
Toronto Blue Jays batting - Pitching for Texas Rangers : RHP Victor Luna
Pinch Hitting: LHB John Slaff 0-0: Ground out U3 (Groundball, 3, EV 85.0 MPH)
Batting: LHB Collin Coleman 0-0: Called Strike
0-1: Ball
1-1: Called Strike
1-2: Strikes out swinging
Batting: RHB Justin Dupree 0-0: Ball
1-0: Ball
2-0: Foul Ball, location: 2F
2-1: Ground out U3 (Groundball, 3S, EV 76.3 MPH)
Top of the 9th over - 0 runs, 0 hits, 0 errors, 0 left on base; Toronto 7 - Texas 3
BOTTOM OF THE 9TH
Texas Rangers batting - Pitching for Toronto Blue Jays : RHP Ivan Juarez
Now at C: Alex Carrillo
Batting: RHB Jason Hartel 0-0: Foul Ball, location: 5F
0-1: Called Strike
0-2: Strikes out swinging
Batting: RHB Chris Patrick 0-0: Ground out 5-3 (Groundball, 5L, EV 96.3 MPH)
Batting: RHB Kevin Hock 0-0: Ball
1-0: Ball
2-0: Called Strike
2-1: Called Strike
2-2: Hit by Pitch
Batting: LHB Simeone DeVito 0-0: Called Strike
0-1: SINGLE (Line Drive, 89M, EV 93.1 MPH)
Kevin Hock to second
Batting: RHB Ryan Adkins 0-0: Fielders Choice at 2nd, 6-4 (Groundball, 6, EV 93.1 MPH)
Bottom of the 9th over - 0 runs, 1 hit, 0 errors, 2 left on base; Toronto 7 - Texas 3
Sunday, April 7th , 2024 - OOTP Baseball 24.11 Build 85